 Dungeon Crawl Stone Soup version 0.30-a0-54-g2e61a25929 (webtiles) character file.

Game seed: 8383701890238714425

3820 Newt the Carver (level 9, -7/69 HPs)
             Began as a Demonspawn Gladiator on Sept 7, 2022.
             Was a Follower of Makhleb.
             Shot with a sling bullet by Joseph (13 damage)
             ... on level 8 of the Dungeon.
             The game lasted 00:09:15 (9809 turns).

Newt the Carver (Demonspawn Gladiator)              Turns: 9809, Time: 00:09:15

Health: -7/69      AC: 20    Str: 18    XL:     9   Next: 97%
Magic:  9/9        EV: 12    Int: 11    God:    Makhleb [*.....]
Gold:   1311       SH:  5    Dex: 14    Spells: 8/8 levels left

rFire   + . .      SeeInvis .    r - +0 great sword
rCold   . . .      Faith    .    (shield currently unavailable)
rNeg    . . .      Spirit   .    B - +0 chain mail
rPois   +          Reflect  +    c - +0 helmet
rElec   .          Harm     .    K - +0 cloak
rCorr   .          Rampage  .    u - +1 pair of gloves
Will    .....                    q - +0 pair of boots
Stlth   ..........               y - amulet of reflection
HPRegen 0.21/turn                k - +4 ring of evasion
MPRegen 0.11/turn                o - ring of poison resistance

@: no status effects
A: molten scales 3, demonic magic 1, weakness stinger 2
a: Renounce Religion


You were on level 8 of the Dungeon.
You worshipped Makhleb.
Makhleb was aware of your devotion.
You visited 2 branches of the dungeon, and saw 9 of its levels.
You also visited: Sewer.

You collected 1311 gold pieces.

Inventory:

Hand Weapons
 a - a +0 rapier
 e - a +0 great sword
 r - a +0 great sword (weapon)
 w - a +1 long sword of freezing
Missiles
 d - 3 throwing nets (quivered)
 x - a javelin
Armour
 b - a +0 leather armour
 c - a +0 helmet (worn)
 q - a +0 pair of boots (worn)
 u - a +1 pair of gloves (worn)
 B - a +0 chain mail (worn)
 H - +0 steam dragon scales
 K - a +0 cloak (worn)
Jewellery
 k - a +4 ring of evasion (left hand)
 o - a ring of poison resistance (right hand)
 y - an amulet of reflection (around neck)
 A - a ring of magical power
 D - an amulet of guardian spirit
 O - an amulet of magic regeneration
Wands
 g - a wand of flame (18)
 m - a wand of polymorph (5)
 E - a wand of quicksilver (6)
 F - a wand of roots (21)
Scrolls
 h - a scroll of amnesia
 j - a scroll of poison
 t - 7 scrolls of teleportation
 I - a scroll of enchant armour
 J - a scroll of silence {unknown}
 L - a scroll of fear
 N - a scroll of enchant weapon {unknown}
 P - a scroll of magic mapping
Potions
 f - 2 potions of invisibility
 i - 2 potions of lignification
 l - 3 potions of haste
 n - 2 potions of mutation
 p - 3 potions of berserk rage
 s - 2 potions of might
 v - 2 potions of ambrosia
 z - a potion of brilliance
 C - a potion of flight
 G - 3 potions of heal wounds
 M - a potion of cancellation {unknown}


   Skills:
 - Level 6.0 Fighting
 - Level 2.9(6.8) Short Blades
 - Level 9.7(10.0) Long Blades
 - Level 1.7 Throwing
 - Level 6.0 Armour
 - Level 2.6 Dodging
 - Level 2.0 Stealth
 + Level 2.6 Evocations


You had 8 spell levels left.
You didn't know any spells.
Your spell library contained the following spells:

 Spells                   Type           Power      Damage    Failure   Level
 Static Discharge         Conj/Air       0%         3-3/arc   99%         2
 Dispel Undead            Necr           0%         3d6       100%        4
 Fulminant Prism          Conj/Hex       0%         3d6       100%        4
 Iskenderun's Mystic Bla  Conj/Tloc      0%         2d3       100%        4
 Sticky Flame             Conj/Fire      0%         2d3       100%        4
 Fireball                 Conj/Fire      0%         3d3       100%        5
 Iskenderun's Battlesphe  Conj           0%         2d6       100%        5
 Lee's Rapid Deconstruct  Erth           0%         3d5*      100%        5
 Conjure Ball Lightning   Conj/Air       0%         3x3d6     100%        6
 Orb of Destruction       Conj           0%         9d5       100%        7


Dungeon Overview and Level Annotations

Branches:
Dungeon (8/15)             Temple (1/1) D:5           Sewer (visited)
   Lair: D:8-11

Altars:
Ashenzari
Cheibriados
Dithmenos
Fedhas
Gozag
Hepliaklqana
Makhleb
Nemelex Xobeh
Okawaru
Qazlal
Ru
Sif Muna
Uskayaw
Vehumet
Wu Jian
Xom
Yredelemnul

Shops:
D:6 :

Annotations:
D:8 Erica, Joseph


Innate Abilities, Weirdness & Mutations

You are completely covered in molten scales. (AC +4, rF+)
Spells you cast may paralyse adjacent enemies.
You have a tail ending in a sharp stinger.


Message History

Found an escape hatch in the floor.
Found 4 stones.
Found 5 stones.
Found a stone staircase leading up.
No target in view!
Erica and Joseph come into view.
Erica is wielding a +2 scimitar of flaming.
Joseph shouts!
Joseph unwields a +0 quarterstaff.
Joseph wields a +0 sling.
Joseph shoots a sling bullet.
The sling bullet misses you.
There are monsters nearby!
There are monsters nearby!
There are monsters nearby!
Joseph shoots a sling bullet.
The sling bullet hits you but does no damage.
Joseph shoots a sling bullet.
You reflect the sling bullet off an invisible shield around you!
The sling bullet closely misses Joseph.
Erica mumbles some strange words.
Erica flickers and vanishes!
Deactivating autopickup; reactivate with Ctrl-A.
Joseph shoots a sling bullet.
Joseph shoots a sling bullet.
Joseph shoots a sling bullet.
You closely miss something. Something hits you! Something burns you.
You miss something.
Joseph shoots a sling bullet.
The sling bullet hits you!
You closely miss something. Something hits you but does no damage.
Joseph shoots a sling bullet.
The sling bullet hits you.
You completely miss something. Something hits you!
Joseph shoots a sling bullet.
The sling bullet hits you. Something hits you!
* * * LOW HITPOINT WARNING * * *
Something burns you.
* * * LOW HITPOINT WARNING * * *
You miss something. You tail-slap something.
You hear some strange, mumbled words.
A bolt of poison appears from out of thin air!
The bolt of poison hits you! You resist.
* * * LOW HITPOINT WARNING * * *
Joseph shoots a sling bullet.
The sling bullet hits you!
You die...

##.....##
#......<####
#.....{....#
#+#@......#
#.≈.......#
####
#.≈≈#..#@##
###... .
+.##.# ....#
## #{# ....##
#@# ...... +#
#.# ..### ..
#.# ..# ##.
##.# .## #..
#..# .##
#.######.####
..###
##.##........#
....#
#..##........#
.##.#
#............#


You could see Joseph.

Vanquished Creatures
  Maggie (D:6)
  A komodo dragon (D:7)
  A hornet (D:7)
  Sigmund (D:6)
  2 steam dragons (D:6)
  Menkaure (D:6)
  2 water moccasins
  Duvessa (D:6)
  An orc warrior (D:8)
  A sky beast (D:6)
  A black bear (D:6)
  An ice beast (D:6)
  2 centaurs
  A kobold brigand (D:8)
  A phantom (D:5)
  3 bullfrogs
  3 necrophages
  3 scorpions
  8 wights
  Dowan (D:6)
  3 howler monkeys
  A gnoll bouda (D:6)
  3 orc priests
  2 hounds
  2 jellies
  An iguana (D:6)
  A hell rat (Sewer)
  2 orc wizards
  3 gnolls
  4 adders (D:3)
  A river rat (Sewer)
  A worm (D:3)
  3 dart slugs
  16 orcs
  5 ball pythons
  6 bats
  6 endoplasms
  4 giant cockroaches
  7 goblins
  6 hobgoblins
  3 jackals (D:1)
  17 kobolds
  7 quokkas
  4 frilled lizards (D:1)
  9 rats
153 creatures vanquished.

Vanquished Creatures (others)
  A gnoll (D:7)
  3 plants (D:1)
4 creatures vanquished.

Grand Total: 157 creatures vanquished

Notes
Turn   | Place    | Note
-------+----------+-------------------------------------------
     0 | D:1      | Newt the Demonspawn Gladiator began the quest for the Orb.
     0 | D:1      | Reached XP level 1. HP: 16/16 MP: 1/1
   150 | D:1      | Reached skill level 1 in Stealth
   232 | D:1      | Gained mutation: You are partially covered in molten
                  | scales. (AC +2) [demonic ancestry]
   232 | D:1      | Reached XP level 2. HP: 18/22 MP: 2/2
   764 | D:1      | Gained mutation: You are mostly covered in molten scales.
                  | (AC +3) [demonic ancestry]
   764 | D:1      | Reached XP level 3. HP: 15/28 MP: 3/3
  1262 | D:1      | Found a faded altar of an unknown god.
  1708 | D:2      | You fall into a shaft and drop 1 floor!
  1984 | D:3      | Reached XP level 4. HP: 37/37 MP: 4/4
  3488 | D:4      | Found a glowing drain.
  3502 | Sewer    | Entered a sewer
  3517 | Sewer    | Reached skill level 1 in Long Blades
  3588 | Sewer    | Reached XP level 5. HP: 20/42 MP: 5/5
  3848 | D:4      | Reached skill level 2 in Long Blades
  3980 | D:4      | Reached skill level 3 in Long Blades
  3984 | D:4      | Gained mutation: Spells you cast may paralyse adjacent
                  | enemies. [demonic ancestry]
  3984 | D:4      | Reached XP level 6. HP: 28/48 MP: 6/6
  4138 | D:4      | Reached skill level 4 in Long Blades
  4437 | D:4      | Found a shimmering altar of Xom.
  4443 | D:4      | Found a shimmering blue altar of Sif Muna.
  4957 | D:5      | Entered Level 5 of the Dungeon
  5031 | D:5      | Reached skill level 5 in Long Blades
  5049 | D:5      | Gained mutation: You have a small tail. [demonic ancestry]
  5049 | D:5      | Reached XP level 7. HP: 53/54 MP: 7/7
  5082 | D:5      | Found a staircase to the Ecumenical Temple.
  5091 | D:5      | Reached skill level 1 in Armour
  5117 | Temple   | Entered the Ecumenical Temple
  5373 | Temple   | Became a worshipper of Makhleb the Destroyer
  5815 | D:5      | Found a basalt altar of Yredelemnul.
  5981 | D:5      | Gained mutation: You have a tail ending in a sharp stinger.
                  | [demonic ancestry]
  5981 | D:5      | Reached XP level 8. HP: 55/60 MP: 8/8
  6320 | D:6      | Identified a scroll of acquirement
  6320 | D:6      | Acquired 1003 gold pieces
  6433 | D:6      | Noticed Menkaure
  6437 | D:6      | Killed Menkaure
  6438 | D:6      | Reached skill level 5 in Armour
  6473 | D:6      | Noticed Maggie
  6487 | D:6      | Killed Maggie
  6500 | D:6      | Noticed Sigmund
  6511 | D:6      | Killed Sigmund
  6512 | D:6      | Reached skill level 5 in Fighting
  6572 | D:6      | Noticed Duvessa
  6575 | D:6      | Noticed Dowan
  6590 | D:6      | Killed Duvessa
  6601 | D:6      | Killed Dowan
  6602 | D:6      | Reached skill level 6 in Long Blades
  7213 | D:6      | Gained mutation: You are completely covered in molten
                  | scales. (AC +4, rF+) [demonic ancestry]
  7213 | D:6      | Reached XP level 9. HP: 66/69 MP: 9/9
  7462 | D:6      | Found a sacrificial altar of Ru.
  7463 | D:6      | Found a snail-covered altar of Cheibriados.
  7463 | D:6      | Found a broken altar of Ashenzari.
  7576 | D:6      | Found Ablimm's Tremendous Tomes.
  7602 | D:6      | Reached skill level 7 in Long Blades
  7705 | D:7      | Paralysed by a hornet for 2 turns
  7789 | D:7      | Reached * piety under Makhleb
  7831 | D:6      | Reached skill level 8 in Long Blades
  8541 | D:7      | Found an ornate altar of the Wu Jian Council.
  8559 | D:7      | Noticed a komodo dragon
  8573 | D:7      | Killed a komodo dragon
  8574 | D:7      | Reached skill level 9 in Long Blades
  9238 | D:8      | Reached skill level 1 in Evocations
  9795 | D:8      | Noticed Erica
  9795 | D:8      | Noticed Joseph
  9809 | D:8      | Shot with a sling bullet by Joseph

Illustrated notes

Levels and vault maps discovered:
D:1:      elethiomel_arrival_infinity_welcomes_careful_drivers, layout_basic,
          hellmonk_ecumenical_altar_heavens_door, lexackson_kobold_supper
D:2:      layout_basic, grunt_ministairs_2, kennysheep_generic_room_15
D:3:      layout_basic
D:4:      layout_basic, mainiacjoe_overflow_catwalk_spiral, gup_sewer_entry_pipe
D:5:      layout_basic, mainiacjoe_overflow_surrounded_room,
          minmay_temple_entry_junction_2
D:6:      layout_basic, minitemple, nicolae_shop_i_like_big_books, uniq_duvessa,
          uniq_menkaure, uniq_maggie, uniq_sigmund
D:7:      layout_rooms, mainiacjoe_overflow_catwalk, st_stairs_10
D:8:      layout_rooms, serial_shops, nicolae_shop_hallway_plus, uniq_erica,
          uniq_joseph
Temple:   nicolae_temple_figure_eight

Skill      XL: |  1  2  3  4  5  6  7  8  9 |
---------------+----------------------------+-----
Stealth        | 1 2 |  2.0
Fighting       | 3 4 6 |  6.0
Long Blades    | 1 3 5 6 9 |  9.7
Armour         | 4 6 |  6.0
Evocations     | 2 |  2.6
Short Blades   | |  2.9
Throwing       | |  1.7
Dodging        | |  2.6

Action                   |  1- 3 |  4- 6 |  7- 9 || total
-------------------------+-------+-------+-------++-------
Melee: Rapier            |   158 |    49 |       ||   207
       Great sword       |       |   150 |   258 ||   408
       Tailslap          |       |       |    39 ||    39
Throw: Throwing net      |       |     1 |     1 ||     2
       Javelin           |       |     1 |       ||     1
Evoke: Wand              |       |       |     3 ||     3
  Use: Scroll            |     7 |     5 |     8 ||    20
       Potion            |       |       |     3 ||     3
 Stab: Sleeping          |     3 |     3 |       ||     6
       Held in net/web   |       |     1 |       ||     1
Armor: Leather armour    |    52 |    75 |       ||   127
       Chain mail        |       |     4 |   224 ||   228
Dodge: Dodged            |    97 |   177 |   232 ||   506
Block: Other             |       |       |    77 ||    77
       Reflection        |       |       |     3 ||     3

Table legend: (Time is in decaauts)
 A = Elapsed time spent in this place.
 B = Non-inter-level travel time spent in this place.
 C = Inter-level travel time spent in this place.
 D = Time resting spent in this place.
 E = Time spent auto-exploring this place.
 F = Levels seen in this place.
 G = Mean time per level.
                   A        B        C        D        E       F      G
               +--------+--------+--------+--------+--------+-----+--------+
         Total |   9993 |   9582 |    411 |   2241 |   5791 |  10 |  999.3 |
       Dungeon |   9435 |   9037 |    398 |   2241 |   5329 |   8 | 1179.4 |
        Temple |    268 |    256 |     12 |      0 |    251 |   1 |  268.0 |
         Sewer |    288 |    288 |      0 |      0 |    210 |   1 |  288.0 |
               +--------+--------+--------+--------+--------+-----+--------+

Top non-repeatable levels by time:
     D:6: 1924 daAuts
     D:3: 1596 daAuts
     D:1: 1506 daAuts
     D:4: 1468 daAuts
     D:5: 1113 daAuts
     D:7: 905 daAuts
     D:8: 710 daAuts
   Sewer: 288 daAuts
  Temple: 268 daAuts
     D:2: 209 daAuts
